 Dungeon Crawl Stone Soup version 0.22.1-1-ga44c0e56f4 (webtiles) character file.

566351 Jannitor the Hawkeye (level 27, -4/195 HPs)
             Began as a Halfling Berserker on Sept 17, 2018.
             Was a High Priest of Trog.
             Slain by a juggernaut (23 damage)
             ... on level 5 of the Depths on Sept 20, 2018.
             The game lasted 05:10:33 (87338 turns).

Jannitor the Hawkeye (Halfling Berserker)          Turns: 87338, Time: 05:10:34

Health: -4/195     AC: 43    Str: 18    XL:     27
Magic:  30/30      EV: 27    Int: 13    God:    Trog [*****.]
Gold:   3310       SH: 18    Dex: 27    Spells: 26/26 levels left

rFire    + . .     SeeInvis +   a - +11 rapier of Unpleasantness {elec, -Tele rElec rN+++ Int+3}
rCold    + . .     Gourm    .   D - +2 buckler {AC+3}
rNeg     + + +     Faith    .   Q - +9 shadow dragon scales
rPois    .         Spirit   .   j - +0 helmet
rElec    +         Reflect  +   d - +2 cloak of the Thief {+Fog Slay-2 SInv Stlth+}
rCorr    .         Harm     .   B - +1 pair of gloves "Nanistru" {MR+ Int+5 Slay+3}
MR       +++..     NoTele   +   z - +2 pair of boots of the Assassin {Detection Stab+ Stlth++}
Stlth    ++++++++++             g - brooch of Shielding {Reflect SH+8}
HPRegen  0.42/turn              M - ring of protection from cold
MPRegen  0.22/turn              F - ring of protection from fire

@: no status effects
A: small, mutation resistance 1, sense surroundings 1
}: 3/15 runes: decaying, serpentine, silver
a: Berserk, Trog's Hand, Brothers in Arms, Renounce Religion, Evoke Fog


You were on level 5 of the Depths.
You worshipped Trog.
Trog was extremely pleased with you.
You were not hungry.

You visited 9 branches of the dungeon, and saw 45 of its levels.
You visited 1 bazaar.
You also visited: Ice Cave and Desolation.

You collected 7262 gold pieces.
You spent 3952 gold pieces at shops.

Inventory:

Hand Weapons
 a - the +11 rapier of Unpleasantness (weapon) {elec, -Tele rElec rN+++ Int+3}
   (Trog gifted it to you on level 4 of the Vaults)

   Occasionally, upon striking a foe, it will discharge some electrical energy
   and cause terrible harm.
   It affects your intelligence (+3).
   It insulates you from electricity.
   It renders you almost immune to negative energy.
   It prevents most forms of teleportation.
 b - a +9 blowgun
 l - a +7 rapier of freezing
 n - a +4 antimagic rapier
Missiles
 q - 4 throwing nets
 I - 24 needles of confusion
 L - 19 needles of sleeping
 S - 14 steel tomahawks
 Y - 37 curare-tipped needles
 Z - 15 tomahawks of dispersal (quivered)
Armour
 d - the +2 cloak of the Thief (worn) {+Fog Slay-2 SInv Stlth+}
   (You found it in the Desolation of Salt)

   It affects your accuracy and damage with ranged weapons and melee attacks
   (-2).
   It lets you see invisible.
   It makes you more stealthy.
 j - a +0 helmet (worn)
 z - the +2 pair of boots of the Assassin (worn) {Detection Stab+ Stlth++}
   (You found it on level 3 of the Depths)

   It makes you much more stealthy.
 B - the +1 pair of gloves "Nanistru" (worn) {MR+ Int+5 Slay+3}
   (You found it on level 4 of the Depths)

   It affects your intelligence (+5).
   It affects your accuracy and damage with ranged weapons and melee attacks
   (+3).
   It affects your resistance to hostile enchantments.
 D - a +2 buckler of protection (worn)
 Q - +9 shadow dragon scales (worn)
Jewellery
 g - the brooch of Shielding (around neck) {Reflect SH+8}
   (You found it in the Desolation of Salt)

   [amulet of reflection]

   It shields you and reflects attacks.
   It affects your SH (+8).
 F - a ring of protection from fire (right hand)
 J - an uncursed ring of poison resistance
 K - an uncursed ring of resist corrosion
 M - a ring of protection from cold (left hand)
Wands
 e - a wand of digging (38)
 h - a wand of clouds (3)
 o - a wand of scattershot (1)
 x - a wand of paralysis (75)
 A - a wand of iceblast (23)
 P - a wand of acid (11)
Scrolls
 t - a scroll of acquirement
 v - 10 scrolls of teleportation
 w - 9 scrolls of fog
 y - 3 scrolls of identify
 C - 6 scrolls of vulnerability
 V - 2 scrolls of silence
 W - 2 scrolls of blinking
 X - 3 scrolls of magic mapping
Potions
 k - 25 potions of curing
 m - 2 potions of cancellation
 p - 3 potions of agility
 r - 5 potions of haste
 u - 4 potions of ambrosia
 E - 4 potions of might
 G - 4 potions of invisibility
 R - 4 potions of resistance
 T - 4 potions of heal wounds
Miscellaneous
 f - 4 phantom mirrors
 s - a fan of gales
 H - 5 boxes of beasts
 N - a lamp of fire
 O - a phial of floods
 U - a lightning rod (4/4)
Comestibles
 c - 55 rations
 i - 13 chunks of flesh


   Skills:
 + Level 17.9 Fighting
 - Level 14.0 Short Blades
 * Level 22.8 Throwing
 + Level 19.6 Armour
 + Level 18.2 Dodging
 + Level 21.7 Stealth
 - Level 5.6 Shields
 - Level 9.9 Evocations


You had 26 spell levels left.
You didn't know any spells.
Your spell library was empty.

Dungeon Overview and Level Annotations

Branches:
Dungeon (15/15)            Temple (1/1) D:4            Lair (6/6) D:8
  Swamp (4/4) Lair:2        Snake (4/4) Lair:4        Slime (0/5) Lair:5
    Orc (2/2) D:10            Elf (3/3) Orc:2        Vaults (5/5) D:14
  Crypt (0/3) Vaults:2     Depths (5/5) D:15
    Zot: Depths:5

Altars:
Ashenzari
Cheibriados
Dithmenos
Elyvilon
Fedhas
Gozag
Hepliaklqana
Kikubaaqudgha
Makhleb
Nemelex Xobeh
Okawaru
Qazlal
Ru
Sif Muna
Trog
Uskayaw
Vehumet
Wu Jian
Xom
Yredelemnul
Zin
The Shining One
Jiyva

Shops:
D:8 *   Orc:2 !(%=   Elf:2 [   Elf:3 }   Snake:1 (   Snake:4 }   Vaults:2 *
Vaults:3 (   Vaults:5 ?%%   Depths:3 [%=!

Portals:
Hell: Depths:1 Depths:2 Depths:3 Depths:4
Abyss: Depths:4
Pandemonium: Depths:1 Depths:2 Depths:3
Trove: D:14 (give 2 scrolls of acquirement)

Annotations:
D:11 exclusion: skeletal warrior
D:12 exclusions: crimson imp and rakshasa
D:15 exclusion: Roxanne, Roxanne
Lair:4 1 runed door, btonasse's ghost, journeyman DsAK
Lair:5 exclusion: 4 oklob plants
Snake:3 1 runed door, Alamadd's ghost, journeyman HOAK
Elf:2 3 runed doors
Vaults:3 1 runed door, Jiecvoet's ghost, veteran GrFi


Innate Abilities, Weirdness & Mutations

You are small and have problems with some larger weapons.
You are somewhat resistant to further mutation.
You passively map a small area around you.


Message History

You are too injured to fight recklessly!
You are too injured to fight recklessly!
You are too injured to fight recklessly!
You hit the deep troll.
The deep troll is almost dead.
Your skin stops crawling.
You feel less resistant to hostile enchantments.
You block the deep troll's attack. The deep troll claws you!
The deep troll misses you.
You puncture the deep troll!
Lightning courses through the deep troll!
You kill the deep troll!
Trog accepts your kill.
The troll leather armour is intact enough to wear.
Items here: [[ †† a +0 troll leather armour x2; a deep troll corpse x2
The juggernaut hits you!!!
* * * LOW HITPOINT WARNING * * *
The juggernaut hits you!!
You die...

##..............##,, ,
##........ ####...........# {
##...T..... #..........## {
,##.......### #..........# {
###........# #.........##
##..........# #.........#,
##...........# #.........+
##............#
#.........###.............#
#..........[@C#...........#
#.........#####...........#
#.........#####.D.........#
#.........................#
####.......[................,
#............#####.......##
#............# #.......#
##.........# , * #.........#
, , * ,


You could see a juggernaut (confused).

Vanquished Creatures
  2 ancient liches
  3 juggernauts
  Xtahua (Depths:4)
  3 caustic shrikes
  A golden dragon (Depths:4)
  the Enchantress (Depths:4)
  The ghost of Fuosmaf the Acrobat, an adept MfGl of Yredelemnul (Vaults:2)
  A tentacled monstrosity (Depths:3)
  2 deep elf blademasters (Elf:3)
  2 deep elf master archers (Elf:3)
  Asterion (Snake:3)
  8 liches
  Gastronok (D:8)
  6 titans
  4 quicksilver dragons
  4 sphinxes
  2 thorn hunters
  Kirke (Lair:5)
  9 tengu reavers
  8 shadow dragons
  11 nagarajas
  6 storm dragons
  13 frost giants
  7 deep elf sorcerers
  11 fire giants
  An imperial myrmidon (Desolation)
  2 orc warlords
  14 vault wardens
  6 deep elf elementalists
  4 spriggan defenders (Depths:4)
  2 war gargoyles
  21 very ugly things
  10 ironheart preservers
  21 stone giants
  3 entropy weavers
  7 deep elf demonologists
  3 vampire knights
  7 deep elf annihilators
  A yellow draconian (D:14)
  A spark wasp (Depths:4)
  An eidolon (Vaults:2)
  15 ettins
  2 blizzard demons
  8 fire dragons
  6 deep elf death magi
  5 crystal guardians (Desolation)
  4 ragged hierophants (Desolation)
  Josephine (Orc:1)
  2 deep elf high priests (Elf:3)
  42 vault guards
  13 yaktaur captains
  7 peacekeepers (Desolation)
  3 servants of whispers (Desolation)
  9 rakshasas
  15 ice dragons
  19 naga warriors
  5 centaur warriors
  8 great orbs of eyes
  24 hydras
  A caustic shrike simulacrum (Depths:2)
  11 anacondas
  8 ghost crabs
  42 two-headed ogres
  2 catoblepae
  4 spriggan air magi
  15 ogre magi
  12 dancing weapons
  12 deep troll shamans
  17 alligators
  3 death knights
  5 tengu warriors
  A vampire mage (Vaults:2)
  4 deep troll earth magi
  4 orc high priests
  15 naga sharpshooters
  5 shock serpents
  7 spriggan berserkers
  A soul eater (Depths:2)
  14 spriggans
  10 deep elf knights
  A sixfirhy (D:7)
  3 hell knights
  A salamander mystic (Snake:4)
  4 skeletal warriors (D:14)
  11 flayed ghosts
  6 iron trolls
  2 shadow wraiths (Vaults:4)
  3 unseen horrors
  24 deep trolls
  A large abomination (Elf:3)
  5 glowing orange brains
  4 naga ritualists
  3 wizards
  An infernal demonspawn (Depths:1)
  9 swamp dragons
  2 shadow dragon zombies
  3 lindwurms
  5 spriggan druids
  A swamp dragon (shapeshifter) (Depths:5)
  11 deep elf archers
  3 phantasmal warriors
  2 shambling mangroves
  8 harpies
  5 necromancers
  17 ironbrand convokers
  55 deep elf magi
  24 orc knights
  6 wolf spiders
  25 ugly things
  16 salamanders
  6 mana vipers
  8 orc sorcerers
  3 manticores
  4 cyclopes
  2 salamanders (shapeshifter)
  A faun (shapeshifter) (Vaults:4)
  27 elephants
  A sphinx skeleton (Depths:2)
  3 apocalypse crabs (Swamp:1)
  7 guardian serpents
  23 black mambas
  A guardian serpent (shapeshifter) (D:13)
  An elf zombie (Depths:4)
  A stone giant skeleton (Depths:2)
  23 naga magi
  3 molten gargoyles (Desolation)
  2 ice statues (IceCv)
  16 vault sentinels
  A fire giant skeleton (Vaults:3)
  3 human skeletons
  A gargoyle (D:14)
  A torpor snail (Lair:5)
  2 storm dragon simulacra
  2 centaur skeletons
  31 spiny frogs
  An orange demon (Depths:1)
  A rime drake (Lair:6)
  A spiny frog (shapeshifter) (D:14)
  A yaktaur zombie (Vaults:1)
  14 ice devils
  11 freezing wraiths
  68 yaktaurs
  10 komodo dragons
  A spark wasp simulacrum (Depths:4)
  An efreet (D:14)
  2 yaktaurs (shapeshifter)
  2 kobold demonologists
  A queen bee (shapeshifter) (Depths:2)
  A red devil (Depths:2)
  A wolf spider simulacrum (D:15)
  13 trolls
  6 meliai
  5 tengu conjurers
  A hornet (shapeshifter) (D:12)
  A polar bear (shapeshifter) (Depths:4)
  15 hornets
  A merfolk (shapeshifter) (Depths:4)
  2 bog bodies
  A meliai zombie (D:14)
  39 saltlings (Desolation)
  17 hippogriffs
  46 slime creatures
  2 queen bees
  2 ettin zombies
  12 tyrant leeches
  2 human simulacra
  A dream sheep (D:11)
  20 blink frogs
  A fire giant simulacrum (Depths:2)
  A raiju (shapeshifter) (D:12)
  A dream sheep (shapeshifter) (D:15)
  9 water elementals
  An ettin skeleton (Vaults:3)
  2 shadows
  A redback (shapeshifter) (D:13)
  8 wraiths
  44 yaks
  4 air elementals
  4 redbacks
  A vampire (D:13)
  The ghost of Grim the Spear-Bearer, an amateur MiMo (D:3)
  6 wyverns
  Grum (D:10)
  4 basilisks
  A steam dragon (Lair:3)
  A chaos spawn (Depths:1)
  3 hogs (shapeshifter)
  2 hogs (Lair:5)
  13 vampire mosquitoes
  3 hungry ghosts
  A warg (shapeshifter) (D:15)
  9 wargs
  17 swamp worms
  An acid dragon (D:12)
  74 nagas
  A soldier ant (D:13)
  Duvessa (D:7)
  11 water moccasins
  8 swamp drakes
  A floating eye (Depths:2)
  A deep troll skeleton (Vaults:4)
  11 porcupines
  3 ice beasts
  4 sky beasts
  A black bear (shapeshifter) (Vaults:1)
  51 orc warriors
  An ice beast (shapeshifter) (Vaults:5)
  A swamp drake (shapeshifter) (Depths:4)
  2 phantoms
  An eye of draining (D:14)
  2 necrophages
  14 boggarts
  35 ogres
  26 wolves
  12 crocodiles
  11 centaurs
  A human zombie (Vaults:3)
  Blork the orc (D:3)
  26 bullfrogs
  A wyvern zombie (D:9)
  6 big kobolds
  Dowan (D:7)
  3 earth elementals
  A glowing shapeshifter simulacrum (Vaults:1)
  2 wyvern skeletons
  6 scorpions
  48 killer bees
  11 wights
  5 electric eels
  11 crimson imps
  5 howler monkeys
  2 bullfrog zombies
  6 centaur zombies
  31 orc priests
  2 yaktaur simulacra
  4 jellies
  3 hounds
  3 quasits
  40 orc wizards
  3 bullfrog skeletons
  4 iguanas
  17 worker ants
  A hound zombie (D:7)
  A hound skeleton (D:4)
  8 gnolls
  A worker ant zombie (D:6)
  21 adders
  11 river rats
  4 shadow imps
  7 white imps (IceCv)
  8 ufetubi (IceCv)
  3 oozes
  2 adder skeletons
  An adder zombie (D:9)
  3 worms
  5 dart slugs
  3 leopard geckos
  113 orcs
  4 ball pythons
  A giant cockroach (D:2)
  6 goblins
  4 hobgoblins
  13 jackals
  11 quokkas
  8 bats
  2 frilled lizards (D:2)
  A jackal skeleton (D:8)
  20 kobolds
  A leopard gecko zombie (D:6)
  A rat (shapeshifter) (Depths:4)
  18 rats
  A crawling corpse (Elf:3)
  A plant (Lair:3)
2269 creatures vanquished.

Vanquished Creatures (collateral kills)
  A golden dragon (Vaults:5)
  A quicksilver dragon (Vaults:5)
  A titan (Vaults:5)
  A shadow dragon (shapeshifter) (Vaults:4)
  2 shadow dragons (Vaults:5)
  A nagaraja (Snake:4)
  2 fire giants
  4 vault wardens (Vaults:5)
  A frost giant (Vaults:5)
  A deep elf sorcerer (Elf:3)
  A deep elf elementalist (Elf:3)
  A deep elf demonologist (Elf:3)
  2 deep elf annihilators (Elf:3)
  A merfolk javelineer (Depths:1)
  A hydra (Lair:2)
  A two-headed ogre (Vaults:5)
  2 dancing weapons
  A deep troll (Depths:1)
  A phantasmal warrior (Vaults:5)
  A naga ritualist (Snake:4)
  An ironbrand convoker (Vaults:5)
  An orc knight (D:14)
  A deep elf mage (Elf:3)
  A wolf spider (Vaults:5)
  A vault sentinel (Vaults:4)
  A dream sheep (D:11)
  2 yaks (D:11)
  2 wraiths (Orc:1)
  A naga (Snake:4)
  2 ogres
  2 orcs
42 creatures vanquished.

Vanquished Creatures (others)
  A nagaraja (Depths:3)
  2 fire giants
  A stone giant (Depths:3)
  An ettin (Vaults:5)
  A yaktaur captain (Depths:2)
  A fire dragon (Depths:1)
  A peacekeeper (Desolation)
  A centaur warrior (Depths:2)
  An iron troll (Depths:4)
  A spriggan druid (Swamp:1)
  2 deep elf archers
  5 yaktaurs
  A vampire mosquito (D:14)
  A warg (Depths:1)
  An orc warrior (Depths:1)
  A swamp drake (Swamp:4)
  A sky beast (D:15)
  2 ogres (Vaults:5)
  A killer bee (Depths:4)
  An orc wizard (Depths:1)
  A white imp (IceCv)
  2 ufetubi (IceCv)
  2 bushes (Lair:6)
  47 fungi
  74 plants
153 creatures vanquished.

Grand Total: 2464 creatures vanquished

Notes
Turn   | Place    | Note
-------+----------+-------------------------------------------
     0 | D:1      | Jannitor the Halfling Berserker began the quest for the
                  | Orb.
     0 | D:1      | Reached XP level 1. HP: 15/15 MP: 1/1
   218 | D:1      | Reached XP level 2. HP: 20/20 MP: 2/2
   880 | D:2      | Reached XP level 3. HP: 25/25 MP: 3/3
   949 | D:2      | Reached skill level 1 in Stealth
  1552 | D:2      | Reached skill level 1 in Throwing
  1552 | D:2      | Reached XP level 4. HP: 28/31 MP: 4/4
  1853 | D:2      | Reached ** piety under Trog
  2108 | D:3      | Found a transporter.
  2108 | D:3      | Noticed Grim's ghost (amateur MiMo)
  2109 | D:3      | Noticed a centaur
  2223 | D:3      | Noticed Blork the orc
  2305 | D:3      | Found a transporter.
  2502 | D:3      | Reached XP level 5. HP: 35/36 MP: 5/5
  2550 | D:3      | Found a snail-covered altar of Cheibriados.
  2550 | D:3      | Found a sparkling altar of Nemelex Xobeh.
  2557 | D:3      | Found an ancient bone altar of Kikubaaqudgha.
  2560 | D:3      | Found a basalt altar of Yredelemnul.
  2841 | D:4      | Found a shattered altar of Ashenzari.
  2930 | D:4      | Reached skill level 2 in Throwing
  2930 | D:4      | Reached XP level 6. HP: 30/42 MP: 6/6
  3537 | D:4      | Reached *** piety under Trog
  3544 | D:4      | Noticed an orc warrior
  3849 | D:4      | Found a staircase to the Ecumenical Temple.
  3853 | Temple   | Entered the Ecumenical Temple
  4012 | D:4      | Killed an orc warrior
  4012 | D:4      | Reached skill level 5 in Short Blades
  4012 | D:4      | Reached XP level 7. HP: 47/47 MP: 7/7
  4190 | D:5      | Entered Level 5 of the Dungeon
  4307 | D:5      | Found a hazy altar of Hepliaklqana.
  4323 | D:5      | Found a shimmering altar of Xom.
  4325 | D:5      | Noticed a spectral ugly thing
  4490 | D:5      | Reached skill level 3 in Throwing
  4520 | D:5      | Reached XP level 8. HP: 25/54 MP: 8/8
  5671 | D:5      | Reached skill level 5 in Armour
  6131 | D:6      | Reached skill level 4 in Throwing
  6415 | D:6      | Reached skill level 5 in Stealth
  6897 | D:6      | Reached skill level 5 in Fighting
  6908 | D:6      | Reached XP level 9. HP: 49/61 MP: 9/9
  7270 | D:7      | Noticed Dowan
  7298 | D:7      | Noticed Duvessa
  7309 | D:7      | HP: 3/61 [ogre/giant club (23)]
  7437 | D:7      | Killed Duvessa
  7459 | D:7      | Killed Dowan
  7523 | D:7      | Reached skill level 5 in Throwing
  7892 | D:7      | Found a runed door.
  7892 | D:7      | Noticed a sixfirhy
  8165 | D:8      | Found Ireqi's General Store.
  8254 | D:8      | Reached XP level 10. HP: 55/67 MP: 10/10
  8468 | D:8      | Found a staircase to the Lair.
  8754 | D:8      | Bought a scroll of enchant weapon for 105 gold pieces
  8754 | D:8      | Bought a scroll of enchant armour for 105 gold pieces
  8754 | D:8      | Bought a potion of heal wounds for 70 gold pieces
  8828 | D:8      | Noticed Gastronok
  8889 | D:9      | Reached skill level 6 in Throwing
  9149 | D:9      | Received a gift from Trog
 10286 | D:9      | Reached **** piety under Trog
 10564 | D:9      | Reached XP level 11. HP: 56/74 MP: 11/11
 11111 | D:10     | Entered Level 10 of the Dungeon
 11136 | D:10     | Reached skill level 7 in Throwing
 11697 | D:10     | Received a gift from Trog
 11718 | D:10     | Noticed Grum
 11762 | D:10     | Killed Grum
 12753 | D:10     | Received a gift from Trog
 12883 | D:10     | Reached skill level 10 in Short Blades
 13241 | D:10     | Found a staircase to the Orcish Mines.
 13567 | D:11     | Noticed a skeletal warrior
 13839 | D:8      | Killed Gastronok
 13839 | D:8      | Reached skill level 8 in Throwing
 13839 | D:8      | Reached XP level 12. HP: 63/81 MP: 12/12
 14256 | Lair:1   | Entered Level 1 of the Lair of Beasts
 14809 | D:8      | Reached skill level 10 in Stealth
 16080 | Lair:1   | Noticed Sonja
 16081 | Lair:1   | Noticed Sonja
 16081 | Lair:1   | Sonja changed into Sonja the troll
 16109 | Lair:1   | Killed Sonja the troll
 17211 | Lair:2   | Noticed a six-headed hydra
 17512 | Orc:1    | Entered Level 1 of the Orcish Mines
 17918 | Orc:1    | Noticed a stone giant
 17949 | Orc:1    | Killed a stone giant
 18185 | Orc:1    | Noticed Josephine
 18353 | Orc:1    | Reached skill level 9 in Throwing
 18432 | Orc:1    | Killed Josephine
 18432 | Orc:1    | Reached skill level 5 in Dodging
 19084 | Orc:1    | Reached XP level 13. HP: 51/90 MP: 13/13
 19371 | Orc:2    | Entered Level 2 of the Orcish Mines
 19475 | Orc:2    | Found a staircase to the Elven Halls.
 21673 | Orc:2    | Noticed an orc warlord
 21790 | Orc:1    | Killed an orc warlord
 22158 | Orc:2    | Reached ***** piety under Trog
 23250 | Orc:2    | Received a gift from Trog
 24910 | Orc:2    | Paralysed by an orc sorcerer for 3 turns
 25054 | Orc:2    | Found Faiza's Antique Weapon Shoppe.
 25110 | Orc:2    | Found Taoggoco's Distillery.
 25112 | Orc:2    | Found Vame's Jewellery Shop.
 25112 | Orc:2    | Found Onanufum's Food Shop.
 25124 | Orc:2    | Bought a potion of cancellation for 104 gold pieces
 25138 | Orc:2    | Bought the amulet of Ammeunasm {rElec MR+ Regen+} for 694
                  | gold pieces
 25140 | Orc:2    | Bought an uncursed ring of poison resistance for 280 gold
                  | pieces
 25141 | Orc:2    | Bought an uncursed ring of protection from cold for 350
                  | gold pieces
 25605 | Lair:2   | Noticed an eight-headed hydra
 25858 | Lair:2   | Found a staircase to the Swamp.
 25921 | Lair:1   | Reached skill level 10 in Throwing
 26128 | Lair:2   | Killed an eight-headed hydra
 26259 | Lair:2   | Reached skill level 1 in Evocations
 26368 | Lair:2   | Killed a six-headed hydra
 26975 | Lair:3   | Reached XP level 14. HP: 98/98 MP: 15/15
 27938 | D:3      | Killed Grim's ghost
 28047 | D:3      | Killed Blork the orc
 28052 | D:3      | Found a deep blue altar of Sif Muna.
 28356 | D:11     | Reached skill level 10 in Fighting
 28465 | D:11     | Received a gift from Trog
 30012 | D:12     | Received a gift from Trog
 30171 | D:12     | Reached skill level 10 in Dodging
 30324 | D:12     | Received a gift from Trog
 30430 | D:12     | Found a runed door.
 30433 | D:12     | Noticed a fire giant
 30585 | D:12     | Noticed an entropy weaver
 30586 | D:12     | an entropy weaver changed into a fire dragon
 30757 | D:12     | Killed a fire giant
 32723 | Lair:3   | Reached skill level 10 in Armour
 33083 | Lair:3   | Received a gift from Trog
 33299 | Lair:3   | Reached XP level 15. HP: 69/105 MP: 18/18
 33495 | Lair:3   | Reached skill level 11 in Throwing
 33933 | Lair:4   | Got a pair of faintly glowing boots
 33939 | Lair:4   | Identified the cursed +0 pair of boots of the Princess
                  | {rElec Int+3} (You found it on level 4 of the Lair of
                  | Beasts)
 34047 | Lair:4   | Reached skill level 5 in Evocations
 34052 | Lair:4   | Found a staircase to the Snake Pit.
 34363 | Lair:4   | Received a gift from Trog
 34582 | Lair:4   | Found a runed door.
 34587 | Lair:4   | Noticed btonasse's ghost (journeyman DsAK)
 36525 | Lair:5   | Found a viscous altar of Jiyva.
 36526 | Lair:5   | Found a staircase to the Slime Pits.
 36659 | Lair:5   | Noticed Kirke
 36705 | Lair:5   | Killed Kirke
 36942 | Lair:6   | Entered Level 6 of the Lair of Beasts
 37399 | Lair:6   | Received a gift from Trog
 37892 | Lair:6   | Received a gift from Trog
 38890 | Lair:5   | Reached XP level 16. HP: 87/113 MP: 21/21
 39163 | Lair:6   | Received a gift from Trog
 40093 | Lair:6   | Reached skill level 12 in Throwing
 41712 | D:13     | Reached skill level 1 in Shields
 42205 | D:13     | Received a gift from Trog
 42332 | D:14     | Reached ****** piety under Trog
 42356 | D:14     | Found a gate to the Vaults.
 42969 | D:14     | Found a portal to a secret trove of treasure.
 43396 | D:15     | Entered Level 15 of the Dungeon
 43466 | D:15     | Found a shadowy altar of Dithmenos.
 44561 | D:15     | Noticed Roxanne
 44649 | D:15     | Received a gift from Trog
 44653 | D:15     | Found a staircase to the Depths.
 45271 | Elf:1    | Entered Level 1 of the Elven Halls
 45412 | Elf:1    | Received a gift from Trog
 45444 | Elf:1    | Reached XP level 17. HP: 116/119 MP: 7/23
 45571 | Elf:1    | Reached skill level 5 in Shields
 45672 | Elf:1    | Identified the Catalogue of Battle Magic
 46780 | Elf:2    | Received a gift from Trog
 46840 | Elf:2    | Found a runed gate.
 46841 | Elf:2    | Found a runed gate.
 46841 | Elf:2    | Found a runed gate.
 46984 | Elf:2    | Found Nigux's Antique Armour Emporium.
 47541 | Elf:3    | Entered Level 3 of the Elven Halls
 47636 | Elf:3    | Found Vuoj's Gadget Boutique.
 47646 | Elf:3    | Bought a wand of digging (19) for 644 gold pieces
 47662 | Elf:3    | Received a gift from Trog
 47893 | Elf:3    | Reached skill level 15 in Stealth
 48203 | Elf:3    | Reached skill level 13 in Throwing
 48212 | Elf:3    | Paralysed by an orc sorcerer for 5 turns
 49125 | Elf:3    | Reached XP level 18. HP: 79/126 MP: 8/24
 49252 | Elf:3    | Noticed a deep elf blademaster
 49302 | Elf:3    | Noticed a deep elf blademaster
 49303 | Elf:3    | Received a gift from Trog
 49305 | Elf:3    | Killed a deep elf blademaster
 49327 | Elf:3    | Killed a deep elf blademaster
 49868 | Elf:3    | Noticed a deep elf master archer
 49881 | Elf:3    | Killed a deep elf master archer
 50119 | Elf:3    | Noticed a deep elf master archer
 50293 | Elf:3    | Identified the +1 rapier of Dutroh {pierce, *Contam +Rage
                  | Int+2 Dex+4} (You took it off a deep elf demonologist on
                  | level 3 of the Elven Halls)
 50392 | Elf:3    | Killed a deep elf master archer
 50394 | Elf:3    | Got a bound zirconium amulet
 50395 | Elf:3    | Identified the amulet "Ejailiarr" {Gourm rF+ Str+3 Int+2
                  | Dex+3} (You took it off a deep elf master archer on level 3
                  | of the Elven Halls)
 50961 | Elf:3    | Identified the Collected Works on Enchantment and Evil
 51356 | Snake:1  | Entered Level 1 of the Snake Pit
 51356 | Snake:1  | Found Guppoy's Weapon Boutique.
 53482 | Snake:2  | Reached XP level 19. HP: 133/134 MP: 26/26
 53485 | Snake:2  | Reached skill level 14 in Throwing
 53638 | Snake:3  | Received a gift from Trog
 53675 | Snake:3  | Found a runed door.
 53675 | Snake:3  | Found a shimmering altar of Xom.
 53675 | Snake:3  | Noticed Alamadd's ghost (journeyman HOAK)
 54061 | Snake:3  | Noticed Asterion
 54068 | Snake:3  | Killed Asterion
 54222 | Snake:3  | Received a gift from Trog
 54510 | Snake:4  | Entered Level 4 of the Snake Pit
 55264 | Snake:4  | Received a gift from Trog
 55321 | Snake:4  | Found Timus's Gadget Boutique.
 55624 | Snake:4  | Received a gift from Trog
 55728 | Snake:4  | Reached skill level 15 in Throwing
 56184 | Snake:4  | Reached XP level 20. HP: 113/141 MP: 27/27
 56526 | Snake:4  | Got a serpentine rune of Zot
 56873 | Swamp:1  | Entered Level 1 of the Swamp
 57240 | Swamp:1  | Found a runed door.
 57858 | Swamp:1  | Received a gift from Trog
 59321 | Swamp:3  | Received a gift from Trog
 59698 | Swamp:4  | Entered Level 4 of the Swamp
 59827 | Swamp:4  | Reached skill level 16 in Throwing
 59863 | Swamp:4  | Found a frozen archway.
 60007 | IceCv    | Entered an ice cave
 60310 | IceCv    | Identified the +8 scimitar of Exhibitionism {slice, Str+3
                  | Dex+3 SInv} (You found it in an ice cave)
 60336 | IceCv    | Received a gift from Trog
 60422 | Swamp:4  | Reached skill level 15 in Armour
 60470 | Swamp:4  | Reached XP level 21. HP: 92/148 MP: 28/28
 60809 | Swamp:4  | Got a decaying rune of Zot
 61114 | Swamp:4  | Found the +3 robe of Clouds {+Fly rElec}
 61471 | Vaults:1 | Entered Level 1 of the Vaults
 61990 | Vaults:1 | Received a gift from Trog
 62101 | Vaults:1 | Found a ruined gateway.
 62134 | Desolati | Entered the Desolation of Salt
 62334 | Desolati | Found the +8 Wrath of Trog {antimagic, *Rage}
 62400 | Desolati | Found the +2 cloak of the Thief {+Fog Slay-2 SInv Stlth+}
 62502 | Desolati | Identified the Almanac of Frigorific Transmutation
 62511 | Desolati | Got a brightly glowing silver amulet
 62512 | Desolati | Identified the amulet "Qyg Caad" {+Rage rC+ Dex+3} (You
                  | found it in the Desolation of Salt)
 62522 | Desolati | Got a wavering bronze ring
 62754 | Desolati | Received a gift from Trog
 62768 | Desolati | Reached skill level 17 in Throwing
 63019 | Desolati | Found the brooch of Shielding {Reflect SH+8}
 63151 | Desolati | Identified Filafike's Grimoire of Stones and Evil Arts
 63158 | Desolati | Identified the ring "Peipn" {Wiz *Corrode +Blink rF+ Int+3}
                  | (You found it in the Desolation of Salt)
 63856 | Vaults:1 | Reached XP level 22. HP: 109/155 MP: 29/29
 64561 | Vaults:1 | Received a gift from Trog
 64903 | Vaults:1 | Received a gift from Trog
 66109 | Vaults:2 | Found a staircase to the Crypt.
 66233 | Vaults:2 | Found Akhluutu's General Store.
 66249 | Vaults:2 | Bought a wand of clouds (3) for 378 gold pieces
 66249 | Vaults:2 | Bought a potion of might for 72 gold pieces
 66343 | Vaults:2 | Reached skill level 15 in Fighting
 66866 | Vaults:2 | Found a runed door.
 66869 | Vaults:2 | Noticed Fuosmaf's ghost (adept MfGl)
 67029 | Vaults:2 | Received a gift from Trog
 67114 | Vaults:2 | Killed Fuosmaf's ghost
 67327 | Vaults:3 | Reached skill level 18 in Throwing
 67522 | Vaults:3 | Received a gift from Trog
 67926 | Vaults:3 | Received a gift from Trog
 68233 | Vaults:3 | Reached XP level 23. HP: 55/162 MP: 30/30
 69095 | Vaults:3 | Found Dutwix's Weapon Shoppe.
 69115 | Vaults:3 | Bought a throwing net for 39 gold pieces
 69549 | Vaults:3 | Found a runed door.
 69549 | Vaults:3 | Found a shimmering altar of Xom.
 69549 | Vaults:3 | Noticed Jiecvoet's ghost (veteran GrFi)
 69899 | Vaults:4 | Received a gift from Trog
 69916 | Vaults:4 | Found a gateway to a bazaar.
 69931 | Bazaar   | Entered a bazaar
 69935 | Bazaar   | Found Haschukkuk's Jewellery Boutique.
 69953 | Bazaar   | Found Efidim's Armour Emporium.
 69970 | Bazaar   | Found Sir Gehu's Book Boutique.
 69987 | Bazaar   | Found Tyaf's Antique Weapon Shoppe.
 70009 | Bazaar   | Bought a glowing rapier for 231 gold pieces
 70009 | Bazaar   | Bought a glowing rapier for 231 gold pieces
 70009 | Bazaar   | Bought a glowing rapier for 231 gold pieces
 71333 | Vaults:4 | Upgraded the game from 0.22.1 to 0.22.1-1-ga44c0e56f4
 71470 | Vaults:4 | Received a gift from Trog
 71502 | Vaults:4 | Identified the +11 rapier of Unpleasantness {elec, -Tele
                  | rElec rN+++ Int+3} (Trog gifted it to you on level 4 of the
                  | Vaults)
 71563 | Vaults:4 | Identified the +1 pair of boots of Fedhas's Benevolence
                  | {Int+3} (You found it on level 4 of the Vaults)
 72114 | Vaults:5 | Entered Level 5 of the Vaults
 72711 | Vaults:4 | Reached skill level 19 in Throwing
 72851 | Vaults:5 | Noticed an ancient lich
 72919 | Vaults:4 | Reached skill level 15 in Dodging
 73123 | Vaults:5 | Paralysed by an ancient lich for 4 turns
 73177 | Vaults:4 | Killed an ancient lich
 73177 | Vaults:4 | Received a gift from Trog
 73298 | Vaults:5 | Reached XP level 24. HP: 150/171 MP: 30/30
 73509 | Vaults:5 | Noticed a golden dragon
 73512 | Vaults:5 | Found Omihub's Food Boutique.
 73539 | Vaults:5 | Killed a golden dragon
 73796 | Vaults:5 | Received a gift from Trog
 73843 | Vaults:5 | Noticed an ancient lich
 73866 | Vaults:5 | Killed an ancient lich
 75462 | Vaults:4 | Reached skill level 20 in Throwing
 75846 | Vaults:4 | Reached XP level 25. HP: 144/177 MP: 30/30
 76925 | Vaults:5 | Got a silver rune of Zot
 77313 | Vaults:5 | Identified the amulet of Xom's Sleight of Hands {Acrobat
                  | Int+4} (You found it on level 5 of the Vaults)
 77675 | Vaults:5 | Found Leps's Magic Scroll Boutique.
 77730 | Vaults:5 | Found Qihuix's Food Boutique.
 77920 | Depths:1 | Entered Level 1 of the Depths
 78333 | Depths:1 | Received a gift from Trog
 79150 | Depths:1 | Found a gateway to Hell.
 79267 | Depths:1 | Found a one-way gate leading to the halls of Pandemonium.
 79418 | Depths:2 | Received a gift from Trog
 79618 | Depths:2 | Received a gift from Trog
 79739 | Depths:2 | Received a gift from Trog
 79826 | Depths:2 | Reached XP level 26. HP: 185/186 MP: 30/30
 79931 | Depths:2 | Reached skill level 21 in Throwing
 80683 | Depths:2 | Noticed a juggernaut
 80690 | Depths:2 | Killed a juggernaut
 81439 | Depths:3 | Found Ygepp's Jewellery Shoppe.
 81462 | Depths:3 | Found Gero's Distillery.
 81470 | Depths:3 | Bought a potion of heal wounds for 55 gold pieces
 81470 | Depths:3 | Bought a potion of might for 44 gold pieces
 81470 | Depths:3 | Bought a potion of heal wounds for 55 gold pieces
 81470 | Depths:3 | Bought a potion of might for 44 gold pieces
 81470 | Depths:3 | Bought a potion of haste for 110 gold pieces
 81470 | Depths:3 | Bought a potion of haste for 110 gold pieces
 81480 | Depths:3 | Found Uwiwn's Food Shoppe.
 81520 | Depths:3 | Received a gift from Trog
 81796 | Depths:3 | Found Xehubut's Armour Shop.
 82042 | Depths:3 | Identified a scroll of acquirement
 82811 | Depths:3 | Reached XP level 27. HP: 69/193 MP: 30/30
 83542 | Depths:3 | Found the +2 pair of boots of the Assassin {Detection Stab+
                  | Stlth++}
 83691 | Depths:3 | Gained mutation: You passively map a small area around you.
                  | [potion of mutation]
 83890 | Depths:4 | Received a gift from Trog
 84142 | Depths:4 | Noticed a juggernaut
 84161 | Depths:4 | Reached skill level 22 in Throwing
 84179 | Depths:4 | Killed a juggernaut
 84542 | Depths:4 | Noticed Xtahua
 84557 | Depths:4 | Paralysed by Xtahua for 2 turns
 84576 | Depths:4 | Killed Xtahua
 85246 | Depths:4 | Received a gift from Trog
 85406 | Depths:4 | Noticed a juggernaut
 85418 | Depths:4 | Killed a juggernaut
 85459 | Depths:4 | Noticed the Enchantress
 85481 | Depths:4 | Killed the Enchantress
 85498 | Depths:4 | Received a gift from Trog
 85522 | Depths:4 | Identified the +7 faerie dragon scales {+Blink rCorr} (You
                  | took it off the Enchantress on level 4 of the Depths)
 86098 | Depths:4 | Identified the ring of the Slug {rF- MR+ Int+4 Stlth-} (You
                  | took it off a deep elf sorcerer on level 4 of the Depths)
 86248 | Depths:4 | Found a runed door.
 86456 | Depths:4 | Received a gift from Trog
 86794 | Depths:4 | Identified the +1 pair of gloves "Nanistru" {MR+ Int+5
                  | Slay+3} (You found it on level 4 of the Depths)
 86872 | Depths:4 | Found a one-way gate to the infinite horrors of the Abyss.
 87080 | Depths:5 | Entered Level 5 of the Depths
 87329 | Depths:5 | Noticed a juggernaut
 87338 | Depths:5 | Slain by a juggernaut

Skill      XL: |  1  2  3  4  5  6  7  8  9 10 11 12 13 14 15 16 17 18 19 20 21 22 23 24 25 26 27 |
---------------+----------------------------------------------------------------------------------+-----
Stealth        | 1 2 3 4 5 6 8 9 10 11 12 13 14 15 16 17 18 19 20 21 | 21.7
Short Blades   | 4 5 6 7 9 10 11 12 13 14 | 14.0
Fighting       | 3 4 5 6 7 8 9 10 11 12 13 14 15 16 17 | 17.9
Throwing       | 1 2 3 4 5 6 8 9 10 11 12 13 15 16 17 18 19 20 21 22 | 22.8
Armour         | 3 4 5 6 8 9 10 11 12 13 14 15 16 17 18 19 | 19.6
Dodging        | 5 8 10 11 12 13 14 15 16 17 18 | 18.2
Evocations     | 1 4 6 8 9 |  9.9
Shields        | 4 5 |  5.6

Action                   |  1- 3 |  4- 6 |  7- 9 | 10-12 | 13-15 | 16-18 | 19-21 | 22-24 | 25-27 || total
-------------------------+-------+-------+-------+-------+-------+-------+-------+-------+-------++-------
Melee: Short sword       |    18 |       |       |       |    40 |       |       |       |       ||    58
       Dagger            |   117 |   187 |   392 |  1075 |  3599 |  1033 |       |       |       ||  6403
       Rapier            |       |       |       |       |       |  1678 |  1723 |  2162 |  2546 ||  8109
       Quick blade       |       |       |       |       |       |       |    96 |       |       ||    96
 Fire: Blowgun           |       |    57 |    95 |   268 |   252 |    98 |       |     2 |    30 ||   802
Throw: Tomahawk          |       |       |       |    10 |    44 |    37 |       |     6 |     3 ||   100
Invok: Berserk           |       |     1 |     4 |    11 |     6 |     1 |       |     3 |       ||    26
       Trog's Hand       |       |       |     9 |    13 |    11 |    14 |    14 |    29 |    37 ||   127
       Brothers in Arms  |       |       |       |     1 |     5 |     5 |     1 |     7 |       ||    19
 Abil: Evoke Fog         |       |       |       |       |       |       |     1 |     2 |    11 ||    14
Evoke: Wand              |       |       |     1 |    10 |    18 |    15 |     4 |       |     3 ||    51
       Lamp of fire      |       |       |       |       |     1 |     4 |       |     3 |     5 ||    13
       Phial of floods   |       |       |       |       |     1 |     2 |       |     1 |       ||     4
       Sack of spiders   |       |       |       |       |     1 |       |       |       |       ||     1
       Lightning rod     |       |       |       |       |       |     1 |       |       |       ||     1
       Box of beasts     |       |       |       |       |       |       |       |       |     3 ||     3
  Use: Scroll            |       |     4 |    15 |     5 |    15 |    18 |    11 |    19 |     9 ||    96
       Potion            |       |       |     1 |     4 |    10 |     6 |     3 |     3 |     1 ||    28
 Stab: Sleeping          |       |       |     6 |    14 |    49 |    53 |    95 |    35 |    64 ||   316
       Distracted        |       |       |     1 |       |    14 |     6 |     8 |    13 |    15 ||    57
       Confused          |       |       |       |       |       |     1 |     1 |       |     3 ||     5
       Invisible         |       |       |       |       |       |       |       |     1 |       ||     1
  Eat: Chunk             |     2 |     8 |    18 |    41 |    65 |    29 |    26 |    41 |    44 ||   274
       Ration            |       |       |     1 |     3 |     5 |     8 |     5 |     4 |     5 ||    31
Armor: Ring mail         |    29 |    37 |   103 |   171 |   216 |       |       |       |       ||   556
       Shadow dragon sca |       |       |       |       |   654 |   868 |   508 |   480 |   403 ||  2913
Dodge: Dodged            |    86 |   125 |   225 |   468 |  2148 |  1169 |   897 |   844 |  1004 ||  6966
Block: Buckler           |       |       |       |       |       |   395 |   558 |  1246 |  1327 ||  3526
       Reflection        |       |       |       |       |       |       |       |    74 |    51 ||   125
